 Dungeon Crawl Stone Soup version 0.31.0-11-ge490571c62 (webtiles) character file.

Game seed: 3641310141765386976

3334 jasper the Basher (level 9, -2/72 HPs)
             Began as an Armataur Berserker on Feb 2, 2024.
             Was an Elder of Trog.
             Succumbed to Amaemon's poison
             ... on level 8 of the Dungeon.
             The game lasted 00:08:17 (5560 turns).

jasper the Basher (Armataur Berserker)              Turns: 5560, Time: 00:08:18

Health: -2/72      AC: 16    Str: 26    XL:     9   Next: 72%
Magic:  9/9        EV:  5    Int:  7    God:    Trog [****..]
Gold:   322        SH:  0    Dex: 11    Spells: 8/8 levels left

rFire   + . .        o - +2 whip (elec)
rCold   . . .        (no shield)
rNeg    . . .        G - +0 plate armour
rPois   .            n - +0 helmet
rElec   .            j - +1 cloak
rCorr   .            g - +1 pair of gloves
SInv    .            (no barding)
Will    .....        A - amulet of faith Stlth
                     r - ring of protection from fire
HPRegen 0.97/turn    (no ring)
MPRegen 0.44/turn

%: roll, faith
@: lethally poisoned (-2 -> -29), on berserk cooldown, slowed, very slow
A: large, deformed body, tough skin 3, armoured tail, roll 2
a: Renounce Religion, Berserk, Trog's Hand, Brothers in Arms


You were on level 8 of the Dungeon.
You worshipped Trog.
Trog was greatly pleased with you.
You visited 1 branch of the dungeon, and saw 8 of its levels.
You also visited: Sewer.

You collected 322 gold pieces.

Inventory:

Hand Weapons
 a - a +1 mace
 o - a +2 whip of electrocution (weapon)
 t - a +0 whip of electrocution
 z - a +0 flail
 F - a +2 morningstar of protection
Missiles
 c - 18 poisoned darts
 h - 43 stones (quivered)
 y - 4 darts of dispersal
Armour
 b - a +0 animal skin
 e - a scarf of resistance
 g - a +1 pair of gloves (worn)
 i - a +0 scale mail
 j - a +1 cloak (worn)
 n - a +0 helmet (worn)
 C - a +0 chain mail
 G - a +0 plate armour (worn)
Jewellery
 r - a ring of protection from fire (left hand)
 w - a ring of magical power
 A - an amulet of faith (around neck)
 D - a ring of willpower
Wands
 x - a wand of charming (3)
 B - a wand of polymorph (3)
Scrolls
 k - 3 scrolls of fear
Potions
 d - a potion of haste
 f - 2 potions of mutation
 l - a potion of curing
 m - a potion of brilliance
 p - a potion of magic
 q - a potion of degeneration
 s - a potion of invisibility {unknown}
 u - 2 potions of heal wounds
 v - 2 potions of enlightenment


   Skills:
 + Level 4.3 Fighting
 - Level 12.0 Maces & Flails
 + Level 5.1 Armour
 - Level 1.3 Dodging


You had 8 spell levels left.
You didn't know any spells.
Your spell library was empty.

Dungeon Overview and Level Annotations

Branches:
Dungeon (8/15)             Temple (0/1) D:7           Sewer (visited)
   Lair: D:8-11

Altars:
Ashenzari
Makhleb
Nemelex Xobeh

Shops:
D:1 =


Innate Abilities, Weirdness & Mutations

Armour fits poorly on your strangely shaped body.
You have extremely tough skin. (AC +3)
You have a long armoured tail.
You regenerate magic and health when rolling toward enemies. (Rampage Regen)


Message History

There is a stone staircase leading up here.
You miss Amaemon.
Amaemon is severely wounded.
You feel very sick.
Amaemon hits you with a -1 demon whip of venom.
You are more poisoned.
Amaemon claws you.
Amaemon tail-slaps you but does no damage.
The orange demon stings you from afar.
You hit Amaemon.
Amaemon is almost dead.
You feel very sick.
You miss Amaemon.
Amaemon is almost dead.
You feel very sick.
Amaemon hits you with a -1 demon whip of venom!
* * * LOW HITPOINT WARNING * * *
You are more poisoned.
Amaemon claws you but does no damage. Amaemon tail-slaps you.
* * * LOW HITPOINT WARNING * * *
The orange demon stings you but does no damage.
You are too berserk!
You barely miss Amaemon.
Amaemon is almost dead.
* * * LOW HITPOINT WARNING * * *
You feel very sick.
You thrash Amaemon!!
You kill Amaemon!
Trog accepts your kill.
Trog appreciates your killing of a magic user.
The scorpion disappears in a puff of smoke! x2
* * * LOW HITPOINT WARNING * * *
You feel very sick.
The orange demon stings you but does no damage.
Your Fighting skill increases to level 4!
Your Armour skill gained 2 levels and is now at level 5!
You are no longer berserk.
You are exhausted.
You feel as though you will be slow longer.
You die...

#.... .... .
# #... .# #.
#.. ..#
####.##!. ..
........##.#
#..§§4..#
#§# #@# #.#
#.# #.# #.#
#.# #.. ###


You could see an orange demon (curare).

Vanquished Creatures
  Amaemon (D:8)
  Eustachio (D:4)
  Edmund (D:4)
  A water moccasin (D:5)
  3 orc warriors
  An ice beast (D:6)
  A sky beast (D:7)
  2 ogres
  3 phantoms
  A bullfrog (D:6)
  2 kobold brigands
  A wight (D:5)
  5 killer bees (D:5)
  5 howler monkeys
  2 hounds (D:5)
  2 orc priests
  3 bombardier beetles
  4 jellies
  A sleepcap (D:7)
  Jessica (D:3)
  A gnoll bouda (D:7)
  2 iguanas (D:5)
  6 orc wizards
  Robin (D:3)
  8 adders
  5 gnolls (D:7)
  3 river rats (Sewer)
  A shadow imp (D:6)
  2 ufetubi (D:5)
  3 dart slugs
  2 ribbon worms
  14 orcs
  6 ball pythons
  5 endoplasms
  5 giant cockroaches
  13 goblins
  5 hobgoblins
  4 jackals
  2 quokkas
  3 bats
  6 frilled lizards
  18 kobolds
  5 rats
161 creatures vanquished.

Notes
Turn   | Place    | Note
-------+----------+-------------------------------------------
     0 | D:1      | jasper the Armataur Berserker began the quest for the Orb.
     0 | D:1      | Reached XP level 1. HP: 18/18 MP: 1/1
   231 | D:1      | Reached skill level 3 in Maces & Flails
   247 | D:1      | Reached XP level 2. HP: 19/25 MP: 2/2
   412 | D:1      | Found Ureneata's One-of-a-Kind Rings.
   526 | D:2      | Reached XP level 3. HP: 30/30 MP: 3/3
   539 | D:2      | Reached skill level 4 in Maces & Flails
   789 | D:2      | Reached ** piety under Trog
   855 | D:3      | Noticed Robin
   869 | D:3      | Reached XP level 4. HP: 31/37 MP: 4/4
   875 | D:3      | Killed Robin
  1017 | D:3      | Noticed Jessica
  1027 | D:3      | Killed Jessica
  1028 | D:3      | Reached skill level 5 in Maces & Flails
  1149 | D:3      | Found a faded altar of an unknown god.
  1227 | D:3      | Found a sparkling altar of Nemelex Xobeh.
  1227 | D:3      | Found a broken altar of Ashenzari.
  1503 | D:4      | Reached XP level 5. HP: 41/42 MP: 5/5
  1505 | D:4      | Noticed an ogre
  1510 | D:4      | Killed an ogre
  1511 | D:4      | Reached skill level 6 in Maces & Flails
  1599 | D:4      | Noticed a phantom
  1610 | D:4      | Killed a phantom
  1611 | D:4      | Reached XP level 6. HP: 50/50 MP: 6/6
  1655 | D:4      | Found a glowing drain.
  1659 | Sewer    | Entered a sewer
  1666 | Sewer    | Reached *** piety under Trog
  1738 | Sewer    | Reached skill level 7 in Maces & Flails
  1778 | Sewer    | Found a glowing silver altar of Zin.
  2019 | D:4      | Noticed Eustachio
  2032 | D:4      | Killed Eustachio
  2033 | D:4      | Gained mutation: You regenerate magic and health when
                  | rolling toward enemies. (Rampage Regen) [Armataur growth]
  2033 | D:4      | Reached XP level 7. HP: 40/56 MP: 7/7
  2167 | D:4      | Noticed Edmund
  2175 | D:4      | Killed Edmund
  2176 | D:4      | Reached skill level 8 in Maces & Flails
  2482 | D:5      | Entered Level 5 of the Dungeon
  2771 | D:5      | Reached skill level 9 in Maces & Flails
  2771 | D:5      | Reached XP level 8. HP: 34/59 MP: 8/8
  2999 | D:5      | Reached skill level 10 in Maces & Flails
  3043 | D:5      | Reached **** piety under Trog
  3860 | D:6      | Reached skill level 11 in Maces & Flails
  4172 | D:6      | Reached XP level 9. HP: 68/68 MP: 9/9
  4981 | D:7      | Reached skill level 12 in Maces & Flails
  5177 | D:7      | Found a staircase to the Ecumenical Temple.
  5289 | D:7      | Found a burning altar of Makhleb.
  5545 | D:8      | Noticed Amaemon
  5547 | D:8      | Noticed an orange demon
  5559 | D:8      | Killed Amaemon
  5560 | D:8      | Reached skill level 5 in Armour
  5560 | D:8      | Succumbed to Amaemon's poison

Illustrated notes

Levels and vault maps discovered:
D:1:      zelgadis_glass_arrival_small, layout_rooms,
          kennysheep_decorative_pillar, nicolae_shop_unique_rings,
          nicolae_twisty_statue_hallways
D:2:      layout_rooms, corexii_leaking_fountain
D:3:      layout_rooms, nicolae_overflow_two_pavilions,
          nicolae_ecumenical_lake_church, uniq_jessica, uniq_robin
D:4:      layout_basic, mainiacjoe_sewer_entry_somewhere_in_here_2,
          serial_forest, infiniplex_forest_clump_diagonal,
          infiniplex_forest_straight_2, infiniplex_forest_clump_C,
          infiniplex_forest_straight_3, infiniplex_forest_clump_double,
          infiniplex_forest_clump_C, infiniplex_forest_end_3,
          infiniplex_forest_lined_room_, uniq_edmund, uniq_eustachio
D:5:      layout_basic, chequers_serial_rivers_micro_e,
          kennysheep_pointless_box, minmay_pentangle
D:6:      layout_basic
D:7:      layout_basic, lemuel_round_altar, minmay_temple_entry_fiery,
          minmay_liquid_box
D:8:      layout_loops_ring, gammafunk_ghost_nasty_kobolds, uniq_amaemon,
          uniq_prince_ribbit1

Skill      XL: |  1  2  3  4  5  6  7  8  9 |
---------------+----------------------------+-----
Maces & Flails | 3 4 5 6 7 9 11 12 | 12.0
Fighting       | 4 |  4.3
Armour         | 5 |  5.1
Dodging        | |  1.3

Action                     |  1- 3 |  4- 6 |  7- 9 || total
---------------------------+-------+-------+-------++-------
  Melee: Mace              |    82 |    98 |       ||   180
         Tailslap          |     9 |    11 |    30 ||    50
         Punch             |     1 |     1 |     3 ||     5
         Whip              |       |    17 |   315 ||   332
 Invoke: Berserk           |     2 |     3 |     9 ||    14
         Trog's Hand       |       |     1 |     1 ||     2
    Use: Scroll            |     2 |       |    13 ||    15
   Stab: Sleeping          |     1 |       |       ||     1
 Armour: Animal skin       |    40 |       |       ||    40
         Scale mail        |    52 |    96 |    92 ||   240
         Chain mail        |       |       |    49 ||    49
         Plate armour      |       |       |    17 ||    17
  Dodge: Dodged            |    41 |    39 |    71 ||   151
